 Dungeon Crawl Stone Soup version 0.27.0-1-g7a089689b8 (webtiles) character file.

Game seed: 6718046813635068731

163 mrzisme the Magician (level 5, -5/38 HPs)
             Began as a Djinni Fire Elementalist on Aug 16, 2021.
             Slain by Crazy Yiuf (9 damage)
             ... on level 2 of the Dungeon.
             The game lasted 00:11:30 (2591 turns).

mrzisme the Magician (Djinni Fire Elementalist)     Turns: 2591, Time: 00:11:31

Health: -5/38      AC:  2    Str:  7    XL:     5   Next: 72%
Gold:   73         EV: 12    Int: 18    God:
                   SH:  0    Dex: 13

rFire    + + .     SeeInvis .   j - +0 whip
rCold    x . .     Faith    .   (no shield)
rNeg     . . .     Spirit   .   a - +0 robe
rPois    ∞         Reflect  .   (no helmet)
rElec    .         Harm     .   (no cloak)
rCorr    .         Rampage  .   (no gloves)
Will     .....                  (boots unavailable)
Stlth    ++........             (no amulet)
HPRegen  0.12/turn              (no ring)
MPRegen  0.00/turn              (no ring)

@: on berserk cooldown, flying, slowed, very slow
A: sickness immunity, fire resistance 2, cold vulnerability 1, float, innate
caster, hp casting, extra vitality 1
a: no special abilities


You were on level 2 of the Dungeon.
You visited 1 branch of the dungeon, and saw 2 of its levels.

You collected 73 gold pieces.

Inventory:

Hand Weapons
 j - a +0 whip (weapon)
Armour
 a - a +0 robe (worn)
Jewellery
 g - a +6 ring of intelligence
Scrolls
 b - a scroll of noise {unknown}
 e - a scroll of enchant armour {unknown}
 h - a scroll of fear {unknown}
 i - a scroll of identify {unknown}
 k - a scroll of blinking {unknown}
 l - a scroll of fog {unknown}
Potions
 c - a potion of curing
 d - a potion of brilliance {unknown}
 f - a potion of magic {unknown}
 m - a potion of lignification {unknown}
 n - a potion of heal wounds {unknown}


   Skills:
 + Level 2.0 Fighting
 - Level 2.7 Dodging
 - Level 1.6 Stealth
 * Level 4.0 Spellcasting


You couldn't memorise any spells.
You knew the following spells:

 Your Spells              Type           Power      Damage    Failure   Level
a - Foxfire               Conj/Fire      72%        2x1d7     2%          1
b - Conjure Flame         Conj/Fire      18%        6-21      9%          3
c - Inner Flame           Hex/Fire       18%        N/A       9%          3
d - Sticky Flame          Conj/Fire      18%        2d4       28%         4
e - Fireball              Conj/Fire      9%         3d6       61%         5
f - Summon Small Mammal   Summ           72%        N/A       2%          1
g - Slow                  Hex            18%        N/A       4%          2
Your spell library was empty.

Dungeon Overview and Level Annotations

Branches:
Dungeon (2/15)

Altars:
Zin

Annotations:
D:2 Crazy Yiuf


Innate Abilities, Weirdness & Mutations

You are immune to sickness and miasma.
You are immune to poison.
Your flesh is very heat resistant. (rF++)
You are vulnerable to cold. (rC-)
You float through the air rather than walking.
You learn spells naturally, not from books.
Your magical power is your life essence.
You have superior vitality. (+4 HP)


Message History

Crazy Yiuf says, "Iron light cloud!"
Casting: Foxfire (safe; 2% risk of failure)
Confirm with . or Enter, or press ? or * to list all spells.
You conjure some foxfire!
The foxfire hits Crazy Yiuf.
Crazy Yiuf is severely wounded.
The foxfire hits Crazy Yiuf but does no damage.
Crazy Yiuf is severely wounded.
Crazy Yiuf drinks a potion.
Crazy Yiuf is healed!
Casting: Foxfire (safe; 2% risk of failure)
Confirm with . or Enter, or press ? or * to list all spells.
You conjure some foxfire!
Crazy Yiuf is no longer moving slowly.
The foxfire hits Crazy Yiuf.
Crazy Yiuf is moderately wounded.
The foxfire hits Crazy Yiuf but does no damage.
Crazy Yiuf is moderately wounded.
Casting: Foxfire (safe; 2% risk of failure)
Confirm with . or Enter, or press ? or * to list all spells.
You miscast Foxfire.
You are very lightly contaminated with residual magic.
Nothing appears to happen.
Crazy Yiuf hits you with a +3 quarterstaff of chaos!
A red film seems to cover your vision as you go berserk!
You feel yourself moving faster!
You feel mighty!
You are too berserk!
Crazy Yiuf hits you with a +3 quarterstaff of chaos!
* * * LOW HITPOINT WARNING * * *
You feel yourself slow down.
You feel a strong urge to attack something.
Crazy Yiuf says, "Castle rumpyflump snockshim!"
You feel your anger nearly subside.
You are no longer berserk.
You are exhausted.
You feel as though you will be slow longer.
Crazy Yiuf laughs, "Shower!
Island infinity poople."
You see here a necrophage corpse.
Crazy Yiuf barely misses you.
Your magical contamination has completely faded away.
There is a stone staircase leading down here.
Crazy Yiuf hits you with a +3 quarterstaff of chaos!
You die...

#...... #......
########## #......
#........# #######
#........# #........#
#........# #####
#........#####....
#@g†.....+........
#####....(....##.#.##+
#.....................
#......)#####..####..)
#.......# #....# #...
##.....># ♣....♣ ##..
#......# ♣♣...♣ #..
#......# ♣♣.♣♣ ##..
###....# ♣♣.♣ #...


You could see Crazy Yiuf.

Vanquished Creatures
  A necrophage (D:2)
  2 adder skeletons (D:2)
  2 worms (D:2)
  2 dart slugs (D:1)
  A ball python (D:1)
  3 endoplasms (D:1)
  2 giant cockroaches
  3 goblins
  10 hobgoblins
  7 jackals (D:1)
  4 kobolds
  4 quokkas
  A ball python skeleton (D:2)
  4 bats (D:1)
  2 frilled lizards
  A quokka zombie (D:2)
  4 rats
53 creatures vanquished.

Vanquished Creatures (collateral kills)
  A foxfire (D:1)
1 creature vanquished.

Vanquished Creatures (others)
  2 demonic plants (D:1)
  164 foxfires
  A fungus (D:1)
  2 plants (D:1)
  2 withered plants (D:2)
171 creatures vanquished.

Grand Total: 225 creatures vanquished

Notes
Turn   | Place    | Note
-------+----------+-------------------------------------------
     0 | D:1      | mrzisme the Djinni Fire Elementalist began the quest for
                  | the Orb.
     0 | D:1      | Reached XP level 1. HP: 15/15 MP: 0/0
   170 | D:1      | Reached XP level 2. HP: 17/21 MP: 0/0
   559 | D:1      | Reached XP level 3. HP: 24/26 MP: 0/0
   559 | D:1      | Learned a level 1 spell: Summon Small Mammal
   585 | D:1      | Found a faded altar of an unknown god.
   606 | D:1      | Reached skill level 3 in Spellcasting
  1677 | D:2      | Reached XP level 4. HP: 29/31 MP: 0/0
  2059 | D:2      | Reached skill level 1 in Fighting
  2123 | D:2      | Found a glowing silver altar of Zin.
  2405 | D:2      | Noticed a necrophage
  2418 | D:2      | Killed a necrophage
  2419 | D:2      | Reached skill level 4 in Spellcasting
  2419 | D:2      | Reached XP level 5. HP: 25/38 MP: 0/0
  2419 | D:2      | Learned a level 2 spell: Slow
  2549 | D:2      | Found a runed translucent door.
  2550 | D:2      | Noticed Crazy Yiuf
  2591 | D:2      | Slain by Crazy Yiuf

Illustrated notes

Levels and vault maps discovered:
D:1:      wheals_arrival_shading, layout_loops_cross,
          shapermc_ecumenical_altar_gd
D:2:      layout_basic, serial_undead, serial_undead_b, serial_undead_f,
          serial_undead_e, serial_undead_b, serial_undead_a, serial_undead_f,
          basic_altar, kennysheep_cluttered_room, minmay_splitting_lines,
          kennysheep_generic_room_16, uniq_crazy_yiuf_cottage

Skill      XL: |  1  2  3  4 |
---------------+-------------+-----
Spellcasting   | 3 4 |  4.0
Fighting       | 2 |  2.0
Dodging        | |  2.7
Stealth        | |  1.6

Action                   |  1- 3 |  4- 6 || total
-------------------------+-------+-------++-------
 Cast: Foxfire           |    63 |    44 ||   107
       Summon Small Mamm |     1 |       ||     1
       Conjure Flame     |       |     1 ||     1
       Slow              |       |     1 ||     1
Armor: Robe              |     8 |     3 ||    11
Dodge: Dodged            |    20 |    13 ||    33
